AoeStats
← The Potato King

Four Lakes

510168112Analyzed
1v1 RM · 4d ago on Sep 29, 2026· 54m 42s· 2 players
Game mode
Random Map
Map size
Tiny (2 player)
Population
200
Speed
Normal
Resources
Standard
Victory
Conquest
Starting age
Dark Age
Ending age
Imperial Age
RankedLock teamsTeams togetherTeam positionsShared explorationLock speedFull tech treeHidden civsTurbo modeCheats
Victory
Defeat
🇬🇧 Franks · United Kingdom
1197
+16
🇨🇦 Mongols · Canada
1202
-16
The Potato King
2:02 Loom
10:18 Feudal Age
10:48 Double-Bit Axe
14:44 Forging
17:15 Castle Age
15:44 Gold Mining
16:04 Scale Barding Armor
19:03 Chain Barding Armor
22:13 Iron Casting
30:33 Imperial Age
28:54 Bow Saw
28:59 Squires
29:33 Husbandry
29:22 Pikeman
30:04 Scale Mail Armor
31:52 Wheelbarrow
32:25 Cavalier
36:23 Fletching
36:51 Hand Cart
37:48 Plate Barding Armor
39:32 Conscription
39:28 Chain Mail Armor
40:13 Blast Furnace
41:58 Paladin
45:41 Gold Shaft Mining
46:09 Chivalry
47:14 Town Watch
52:36 Light Cavalry
sh.pon
7:14 Loom
9:48 Feudal Age
14:34 Wheelbarrow
16:15 Town Watch
16:18 Fishing Lines
19:39 Castle Age
17:39 Double-Bit Axe
21:46 Scale Barding Armor
21:52 Forging
23:18 Chain Barding Armor
23:26 Husbandry
24:03 Bloodlines
27:56 Hand Cart
29:37 Gillnets
30:09 Fletching
34:36 Imperial Age
32:08 Bodkin Arrow
32:38 Stone Mining
33:28 Ballistics
34:55 Bow Saw
34:54 Thumb Ring
37:18 Hoardings
36:51 Bracer
36:52 Padded Archer Armor
39:19 Elite Mangudai
41:43 Masonry
42:29 Conscription
42:38 Parthian Tactics
43:55 Horse Collar
45:16 Murder Holes
46:22 Chemistry
45:41 Heavy Plow
47:01 Leather Archer Armor
49:57 Light Cavalry
51:39 Iron Casting
52:03 Hussar
53:59 Nomads
Connection lost

Rejoining the realm…

Still unreachable

The connection could not be restored.

Session expired

The server has moved on; the page needs a fresh start.